 Dungeon Crawl Stone Soup version 0.26-a0-1053-gaff5f71418 (webtiles) character file.

Game seed: 17410519663741968344

351 Dracia the Slinger (level 6, -1/39 HPs)
             Began as a Halfling Hunter on Dec 12, 2020.
             Slain by a gnoll
             ... wielding a cursed +0 spear
              (4 damage)
             ... on level 4 of the Dungeon.
             The game lasted 00:06:19 (3027 turns).

Dracia the Slinger (Halfling Hunter)                Turns: 3027, Time: 00:06:19

Health: -1/39      AC:  4    Str: 12 (13) XL:     6   Next: 93%
Magic:  6/6        EV: 14    Int:  6 (9)  God:
Gold:   135        SH:  0    Dex: 14 (17) Spells: 5/5 levels left

rFire    . . .     SeeInvis +   b - +1 flail (vorpal)
rCold    . . .     Faith    .   (shield restricted)
rNeg     . . .     Spirit   .   c - +0 leather armour
rPois    .         Reflect  .   (no helmet)
rElec    .         Harm     .   o - +0 cloak
rCorr    .         Rampage  .   (no gloves)
Will     +....                  (no boots)
Stlth    +.........             A - amulet of the acrobat
HPRegen  0.13/turn              w - ring of willpower
MPRegen  0.10/turn              v - ring of see invisible (curse)

@: no status effects
A: small, mutation resistance 1
a: no special abilities


You were on level 4 of the Dungeon.
You visited 1 branch of the dungeon, and saw 4 of its levels.

You collected 155 gold pieces.
You spent 20 gold pieces at shops.


Innate Abilities, Weirdness & Mutations

You are small and have problems with some larger weapons.
You are somewhat resistant to further mutation.


   Skills:
 - Level 1.7 Fighting
 + Level 10.9 Slings
 - Level 2.1 Dodging
 - Level 1.1 Stealth


You had 5 spell levels left.
You didn't know any spells.
Your spell library was empty.

Inventory:

Hand Weapons
 a - a +1 hunting sling
 b - a +1 vorpal flail (weapon)
 p - a +0 short sword
 s - a +0 dagger of speed
Missiles
 d - 47 sling bullets
 f - 15 poisoned darts
 l - 2 throwing nets {=f=f}
 n - 37 stones (quivered ammo)
Armour
 c - a +0 leather armour (worn)
 o - a +0 cloak (worn)
Jewellery
 u - a cursed amulet of inaccuracy
 v - a cursed ring of see invisible (right hand)
 w - a ring of willpower (left hand)
 A - an amulet of the acrobat (around neck)
 I - a +6 ring of intelligence
 S - a +6 ring of strength
Scrolls
 g - 3 scrolls of remove curse {unknown}
 j - a scroll of random uselessness {unknown}
 k - 6 scrolls of identify {unknown}
 q - a scroll of magic mapping {unknown}
 r - a scroll of enchant armour {unknown}
Potions
 e - 3 potions of curing {unknown}
 h - 2 potions of invisibility {unknown}
 i - a potion of might {unknown}
 t - a potion of haste {unknown}

Dungeon Overview and Level Annotations

Branches:
Dungeon (4/15)
 Temple: D:4-7

Altars:
Makhleb

Shops:
D:4

*:*( ( (. ((. ..##
((# ....#######)(#
...##.....()..#
#.....@g$)#
#.##.##.####
.......gg..# .
....##......#####...#
..####....>..†.......
.[........g.######...
............#### ..
.....................
...##......####..#.#


You could see 4 gnolls.


Message History

b - a +1 vorpal flail (weapon)
You closely miss the gnoll. The gnoll barely misses you.
You hit the gnoll.
The gnoll is severely wounded.
The gnoll hits you.
* * * LOW HITPOINT WARNING * * *
The gnoll hits you.
* * * LOW HITPOINT WARNING * * *
A gnoll comes into view. It is wielding a +0 spear.
You barely miss the gnoll.
The gnoll is severely wounded.
A gnoll comes into view. It is wielding a +0 flail.
The gnoll hits you but does no damage.
You completely miss the gnoll.
The gnoll is severely wounded.
The gnoll shouts!
The gnoll closely misses you.
A gnoll comes into view. It is wielding a +0 club.
The gnoll barely misses you.
You closely miss the gnoll.
The gnoll is severely wounded.
The gnoll hits you.
* * * LOW HITPOINT WARNING * * *
The gnoll shouts!
The gnoll closely misses you.
It was a potion of degeneration.
There was something very wrong with that liquid.
You feel weakened.
You feel dopey.
You feel clumsy.
The gnoll hits you from afar with a cursed +0 spear.
You die...

Skill      XL: |  1  2  3  4  5  6 |
---------------+-------------------+-----
Slings         | 6 7 8 9 10 | 10.9
Fighting       | |  1.7
Dodging        | |  2.1
Stealth        | |  1.1

Action                   |  1- 3 |  4- 6 || total
-------------------------+-------+-------++-------
Melee: Short sword       |       |    10 ||    10
       Flail             |       |     7 ||     7
 Fire: Hunting sling     |    62 |   203 ||   265
Throw: Dart              |     4 |     3 ||     7
  Use: Potion            |       |     1 ||     1
Armor: Leather armour    |     2 |    12 ||    14
Dodge: Dodged            |     8 |    47 ||    55

Levels and vault maps discovered:
D:1:      dpeg_arrival_round_a, layout_basic
D:2:      layout_rooms
D:3:      layout_rooms, general_overflow_altar, mrwooster_statue_mirror,
          guppyfry_early_orc_mine
D:4:      layout_rooms, kennysheep_mini_moat, minmay_shop_grid_forest,
          uniq_robin, uniq_blork_the_orc, uniq_pikel

Notes
Turn   | Place    | Note
-------+----------+-------------------------------------------
     0 | D:1      | Dracia the Halfling Hunter began the quest for the Orb.
     0 | D:1      | Reached XP level 1. HP: 14/14 MP: 1/1
   136 | D:1      | Reached skill level 6 in Slings
   184 | D:1      | Reached XP level 2. HP: 19/19 MP: 2/2
  1025 | D:2      | Reached skill level 7 in Slings
  1025 | D:2      | Reached XP level 3. HP: 11/24 MP: 3/3
  1255 | D:2      | Reached XP level 4. HP: 29/29 MP: 4/4
  1271 | D:2      | Reached skill level 8 in Slings
  1746 | D:2      | Reached XP level 5. HP: 28/34 MP: 5/5
  1752 | D:2      | Reached skill level 9 in Slings
  2573 | D:3      | Reached XP level 6. HP: 39/39 MP: 6/6
  2577 | D:3      | Reached skill level 10 in Slings
  2726 | D:3      | Found a burning altar of Makhleb.
  2919 | D:4      | Found Voroth's Assorted Antiques.
  2919 | D:4      | Found Zugg's Book Shoppe.
  2919 | D:4      | Found Ywanwuck's General Store.
  2920 | D:4      | Found Usoxen's Weapon Shoppe.
  2933 | D:4      | Bought a cursed amulet of inaccuracy for 20 gold pieces
  2965 | D:4      | Noticed Robin
  2974 | D:4      | Killed Robin
  2985 | D:4      | Noticed Blork the orc
  3004 | D:4      | Killed Blork the orc
  3025 | D:4      | HP: 3/39 [gnoll (6)]
  3027 | D:4      | Slain by a gnoll

Vanquished Creatures
  Blork the orc (D:4)
  2 orc priests (D:3)
  Robin (D:4)
  7 gnolls (D:2)
  4 adders
  A worm (D:2)
  A dart slug (D:1)
  5 leopard geckos
  9 orcs (D:3)
  3 giant cockroaches
  16 goblins
  11 hobgoblins
  8 kobolds
  3 quokkas
  A ball python (D:3)
  5 bats
  8 frilled lizards
  A leopard gecko skeleton (D:3)
  7 rats
94 creatures vanquished.

Table legend: (Time is in decaauts)
 A = Elapsed time spent in this place.
 B = Non-inter-level travel time spent in this place.
 C = Inter-level travel time spent in this place.
 D = Time resting spent in this place.
 E = Time spent auto-exploring this place.
 F = Levels seen in this place.
 G = Mean time per level.
                   A        B        C        D        E       F      G
               +--------+--------+--------+--------+--------+-----+--------+
         Total |   2956 |   2843 |    113 |     12 |   2344 |   4 |  739.0 |
       Dungeon |   2956 |   2843 |    113 |     12 |   2344 |   4 |  739.0 |
               +--------+--------+--------+--------+--------+-----+--------+

Top non-repeatable levels by time:
     D:2: 1197 daAuts
     D:1: 979 daAuts
     D:3: 685 daAuts
     D:4: 94 daAuts

Table legend:
 A = Non-vault XP
 B = Vault XP
 C = Vault XP percentage of total XP
 D = Non-vault monster count
 E = Vault monster count
 F = Vault count percentage of total count
                 A         B        C        D         E       F
            +---------+---------+-------+---------+---------+-------
      Total |     351 |     151 |  30.1 |      75 |      19 |  20.2
            +---------+---------+-------+---------+---------+-------
        D:1 |      21 |       0 |   0.0 |      11 |       0 |   0.0
        D:2 |     182 |       0 |   0.0 |      34 |       0 |   0.0
        D:3 |     147 |      17 |  10.4 |      29 |       7 |  19.4
        D:4 |       1 |     134 |  99.3 |       1 |      12 |  92.3
            +---------+---------+-------+---------+---------+-------
